Map: Dusk Towers

Players

Fropez

  • Race: Protoss Protoss
  • League: Silver
  • Spawn Location: 1:00

panicattacks - Winner!

  • Race: Protoss Protoss
  • League: Silver
  • Spawn Location: 7:00

VOD

Have the link to the VOD?

Description

Time

  • Played on: May 17, 2016, 9:54 p.m.
  • Length: 10:27
Show
View Real Time Build Order
Export as new Build Order

Fropez Protoss 

Build Orders:  

Get SALT Encoding   

  12  0:11  Pylon  
  12  0:13  Probe (Chrono Boost)  
  13  0:29  Gateway  
  13  0:31  Probe (Chrono Boost)  
  14  0:42  Probe (Chrono Boost)  
  15  0:45  Assimilator  
  15  0:53  Probe (Chrono Boost)  
  16  1:01  Assimilator  
  16  1:03  Probe (Chrono Boost)  
  17  1:14  Probe (Chrono Boost)  
  17  1:17  Cybernetics Core  
  18  1:25  Probe (Chrono Boost)  
  19  1:30  Gateway  
  19  1:36  Probe (Chrono Boost)  
  21  1:53  Pylon  
  21  1:56  Mothership Core (Chrono Boost)  
  21  1:59  Warp Gate (Chrono Boost)  
  22  2:14  Probe (Chrono Boost)  
  25  2:25  Stalker x2  
  27  2:30  Probe  
  28  2:42  Probe  
  29  2:54  Probe  
  30  3:00  Pylon  
  30  3:18  Stalker x2  
  34  3:20  Probe, Forge  
  35  3:32  Probe  
  36  3:53  Protoss Ground Weapons Level 1 (Chrono Boost)  
  36  3:59  Pylon  
  36  4:02  Pylon, Gateway  
  36  4:05  Pylon, Gateway  
  36  4:06  Probe  
  37  4:20  Twilight Council  
  37  4:21  Probe  
  38  4:33  Probe  
  39  4:45  Probe  
  40  4:47  Robotics Facility  
  40  4:57  Probe, Blink (Chrono Boost)  
  41  5:09  Probe  
  42  5:18  Stalker x2  
  42  5:20  Stalker  
  46  5:44  Pylon  
  44  5:57  Pylon  
  44  6:04  Probe  
  44  6:07  Stalker  
  44  6:08  Stalker x3  
  44  6:10  Immortal  
  45  6:43  Stalker x3  
  45  6:44  Stalker  
  53  7:07  Nexus  
  51  7:18  Stalker x2  
  51  7:21  Pylon x2  
  55  7:28  Probe  
  56  7:33  Protoss Ground Weapons Level 2 (Chrono Boost)  
  56  7:40  Probe  
  57  7:48  Immortal  
  57  8:00  Probe  
  58  8:11  Stalker  
  58  8:12  Probe  
  61  8:31  Pylon  
  61  8:34  Assimilator  
  61  8:38  Assimilator  
  61  8:56  Probe  
  61  8:57  Probe  
  63  9:04  Nexus  
  63  9:16  Immortal  
  54  9:48  Stalker  
  54  9:49  Stalker x3  
  60  10:15  Stalker x3  
Show
View Real Time Build Order
Export as new Build Order

panicattacks Protoss - Winner!

Build Orders: 1 Gate Expand 

Get SALT Encoding   

  12  0:01  Probe (Chrono Boost)  
  13  0:11  Probe (Chrono Boost)  
  14  0:19  Pylon  
  14  0:22  Probe (Chrono Boost)  
  15  0:37  Probe (Chrono Boost), Gateway  
  16  0:46  Assimilator  
  16  0:47  Probe (Chrono Boost)  
  17  1:00  Probe (Chrono Boost)  
  19  1:11  Probe (Chrono Boost)  
  19  1:27  Nexus  
  19  1:32  Cybernetics Core  
  19  1:37  Probe (Chrono Boost)  
  20  1:47  Probe (Chrono Boost)  
  20  1:52  Assimilator  
  21  1:58  Pylon, Probe (Chrono Boost)  
  22  2:08  Probe (Chrono Boost)  
  23  2:19  Probe (Chrono Boost)  
  24  2:22  Robotics Facility  
  24  2:29  Gateway  
  25  2:30  Probe (Chrono Boost)  
  25  2:40  Probe (Chrono Boost)  
  25  2:41  Probe (Chrono Boost)  
  27  2:47  Warp Gate (Chrono Boost)  
  27  2:48  Pylon  
  27  2:52  Mothership Core  
  27  2:57  Probe  
  27  2:58  Assimilator  
  30  3:06  Stalker  
  32  3:20  Immortal  
  36  3:27  Probe  
  36  3:28  Probe  
  36  3:31  Assimilator  
  38  3:40  Probe  
  39  3:52  Gateway  
  39  3:54  Gateway  
  39  4:00  Immortal  
  43  4:06  Sentry  
  45  4:15  Sentry  
  47  4:23  Pylon  
  47  4:24  Pylon  
  47  4:25  Probe  
  47  4:26  Probe  
  49  4:33  Pylon  
  49  4:35  Probe  
  50  4:38  Probe  
  50  4:45  Twilight Council  
  51  4:51  Pylon, Sentry  
  51  4:52  Sentry  
  55  5:05  Sentry x2  
  59  5:08  Immortal  
  63  5:22  Pylon  
  63  5:27  Gateway  
  63  5:29  Pylon, Stalker x2  
  67  5:44  Zealot x2  
  67  5:47  Observer  
  72  6:06  Stalker  
  72  6:08  Stalker  
  76  6:18  Stalker  
  76  6:22  Stalker  
  78  6:27  Nexus  
  60  6:59  Pylon, Stalker  
  60  7:00  Stalker x2  
  65  7:23  Gateway  
  65  7:25  Gateway  
  65  7:27  Gateway, Stalker  
  65  7:28  Stalker  
  65  7:29  Stalker  
  71  7:30  Pylon  
  71  7:42  Pylon  
  71  7:57  Templar Archives  
  71  8:02  Probe x2, Assimilator  
  71  8:04  Probe  
  74  8:06  Assimilator  
  74  8:13  Probe x2  
  74  8:14  Blink  
  74  8:16  Probe  
  74  8:18  Sentry x2  
  81  8:20  Immortal  
  85  8:40  High Templar x2  
  85  8:41  High Templar x2  
  93  9:02  Gateway x2  
  93  9:07  Archon x2  
  93  9:15  Immortal  
  97  9:25  Stalker x2  
  97  9:50  Stalker x6  
  107  10:21  Stalker x4  
  103  10:22  Stalker  
  103  10:24  Stalker  
Tags
 
Matchup
PvP
Replay Pack
All Mines
Spawn Locations
Cross Positions
Add a new tag
Caveats
  • Supply blocks, unpowered buildings, or Contaminate may cause inaccurate times.
  • Supply counts are checked every 10 seconds.